AoeStats
← PrestoBeast4034

MegaRandom

509243876Analyzed
2v2 RM · 5d ago on Sep 26, 2026· 58m 47s· 4 players
Game mode
Random Map
Map size
Medium (4 player)
Population
200
Speed
Normal
Resources
Standard
Victory
Conquest
Starting age
Dark Age
Ending age
Imperial Age
RankedLock teamsTeams togetherTeam positionsShared explorationLock speedFull tech treeHidden civsTurbo modeCheats
Victory
Defeat
🇺🇸 Inca · United States
1443
+15
🇺🇸 Slavs · United States
1420
+16
🇧🇷 Chinese · Brazil
1447
-16
🇧🇷 Wu · Brazil
1412
-15
GAX | B.Trufa
0:29 Loom
9:31 Feudal Age
10:05 Double-Bit Axe
10:06 Horse Collar
13:59 Scale Barding Armor
25:37 Castle Age
24:46 Gold Mining
25:22 Forging
25:24 Bloodlines
25:37 Fletching
29:20 Chain Barding Armor
32:19 Bow Saw
32:50 Heavy Plow
36:06 Husbandry
42:29 Iron Casting
43:37 Wheelbarrow
42:51 Town Watch
46:05 Imperial Age
44:05 Bodkin Arrow
44:10 Padded Archer Armor
46:16 Leather Archer Armor
48:23 Bracer
49:26 Ring Archer Armor
49:31 Plate Barding Armor
48:44 Cavalier
48:58 Elite Skirmisher
54:47 Blast Furnace
55:48 Ballistics
GAX | Soldado_Medeiros
6:36 Loom
9:12 Feudal Age
9:45 Double-Bit Axe
14:11 Fletching
18:45 Padded Archer Armor
25:28 Castle Age
24:41 Forging
24:32 Scale Mail Armor
24:55 Arson
26:13 Squires
26:33 Chain Mail Armor
27:49 Horse Collar
30:48 Pikeman
35:21 Bow Saw
35:05 Gold Mining
40:09 Wheelbarrow
39:20 Town Watch
40:12 Iron Casting
44:50 Imperial Age
42:34 Heavy Plow
43:51 Hand Cart
46:10 Plate Mail Armor
50:57 Conscription
52:09 Blast Furnace
51:17 Halberdier
53:12 Bodkin Arrow
54:37 Town Patrol
55:38 Two-Man Saw
55:11 Elite Fire Archer
56:42 Bracer
57:44 Chemistry
57:05 Ballistics
56:12 Man-at-Arms
58:19 Coinage
58:24 Treadmill Crane
58:44 Murder Holes
58:27 Long Swordsman
PrestoBeast4034
7:09 Loom
9:23 Feudal Age
10:04 Town Watch
11:29 Double-Bit Axe
13:21 Fletching
20:18 Wheelbarrow
23:31 Castle Age
22:18 Horse Collar
22:31 Gold Mining
23:06 Padded Archer Armor
23:34 Crossbowman
24:28 Bodkin Arrow
28:27 Ballistics
29:15 Bow Saw
31:52 Sanctity
32:27 Leather Archer Armor
33:37 Thumb Ring
34:48 Hand Cart
41:11 Imperial Age
39:46 Treadmill Crane
40:10 Scale Mail Armor
40:16 Heavy Plow
40:09 Stone Mining
41:54 Bracer
41:15 Arbalester
42:58 Chemistry
42:40 Conscription
43:12 Crop Rotation
43:41 Andean Sling
44:12 Murder Holes
45:13 Ring Archer Armor
45:15 Chain Mail Armor
46:13 Siege Engineers
48:12 Plate Mail Armor
47:52 Forging
48:58 Squires
49:01 Fabric Shields
50:00 Masonry
50:05 Elite Kamayuk
51:33 Iron Casting
53:31 Arson
55:39 Caravan
Camoanimal
9:54 Feudal Age
8:36 Loom
11:26 Double-Bit Axe
22:50 Fletching
25:28 Castle Age
26:49 Gold Mining
27:12 Bow Saw
27:25 Scale Barding Armor
27:48 Bloodlines
28:13 Horse Collar
28:52 Town Watch
30:17 Husbandry
34:37 Gold Shaft Mining
35:18 Chain Barding Armor
35:09 Forging
43:29 Iron Casting
48:56 Imperial Age
48:58 Cavalier
50:16 Plate Barding Armor
50:18 Heavy Plow
51:20 Two-Man Saw
52:11 Wheelbarrow
58:07 Elite Boyar
Connection lost

Rejoining the realm…

Still unreachable

The connection could not be restored.

Session expired

The server has moved on; the page needs a fresh start.